 Dungeon Crawl Stone Soup version 0.31-a0-1444-g3ad46bb (webtiles) character file.

Game seed: 11376649488515153250

1692091 Wizard1ke the Hill Orc-At-Arms (level 27, 94/261 HPs)
             Began as a Hill Orc Brigand on Dec 27, 2023.
             Was a Believer of Okawaru.
             Escaped with the Orb
             ... and 3 runes!
             The game lasted 03:15:14 (67863 turns).

Wizard1ke the Hill Orc-At-Arms (Hill Orc Brigand)  Turns: 67863, Time: 03:15:15

Health: 94/261     AC: 45    Str: 30    XL:     27
Magic:  28/35      EV:  8    Int: 11    God:    Okawaru [**....]
Gold:   810        SH:  0    Dex: 16    Spells: 25/36 levels left

rFire   + + +        r - +8 frozen axe "Frostbite" {freeze, freezing cloud, *Noise Fly rC+}
rCold   + + +        (shield currently unavailable)
rNeg    + + .        Y - +10 gold dragon scales
rPois   +            K - +2 helmet {SInv}
rElec   +            c - scarf {rC+ rF+}
rCorr   .            a - +2 pair of gloves of the Clam {Fly rN+ Dex+4}
SInv    +            A - +3 pair of seven-league boots {Rampage+∞}
Will    ++++.        (no amulet) Stlth
                     P - ring "Cefil" {rF+ rN+ Will+}
HPRegen 0.63/turn    U - ring of Arouj {rElec rC+ Will+ Str+2}
MPRegen 0.24/turn

%: rampage+∞
@: flying, studying Dodging
A: low MP 1
0: Orb of Zot
}: 3/15 runes: serpentine, barnacled, silver
a: Renounce Religion, Heroism


You escaped.
You worshipped Okawaru.
Okawaru was pleased with you.
You visited 10 branches of the dungeon, and saw 48 of its levels.
You also visited: Trove, Ice Cave and Wizlab.

You collected 8402 gold pieces.
You spent 7592 gold pieces at shops.

Inventory:

Hand Weapons
 l - the +3 Elemental Staff {ele, rElec rF+ rC+ AC+3}
   (You found it on level 5 of the Vaults)

   AC+3:      It affects your AC (+3).
   rF+:       It protects you from fire.
   rC+:       It protects you from cold.
   rElec:     It insulates you from electricity.
 r - the +8 frozen axe "Frostbite" (weapon) {freeze, freezing cloud, *Noise Fly rC+}
   (Okawaru gifted it to you on level 2 of the Lair of Beasts)

   rC+:       It protects you from cold.
   Fly:       It grants you flight.
   *Noise:    It may make a loud noise when swung.
Missiles
 e - 6 curare-tipped darts
 p - 20 javelins
 w - 3 darts of dispersal
 B - 62 boomerangs
 O - 14 silver javelins
 R - 2 throwing nets
Armour
 a - the +2 pair of gloves of the Clam (worn) {Fly rN+ Dex+4}
   (You found it in a treasure trove)

   Dex+4:     It affects your dexterity (+4).
   rN+:       It protects you from negative energy.
   Fly:       It grants you flight.
 c - a scarf of resistance (worn)
 A - the +3 pair of seven-league boots (worn) {Rampage+∞}
   (You bought it in a shop on level 1 of the Snake Pit)

   Rampage+∞: When moving toward enemies, its wearer moves as far as possible,
   alerting their target en route.
 I - the +2 pair of gloves of the Abyss {rElec Dex+2}
   (You acquired it on level 1 of the Shoals)

   Dex+2:     It affects your dexterity (+2).
   rElec:     It insulates you from electricity.
 K - a +2 helmet of see invisible (worn)
 Y - +10 gold dragon scales (worn)
Jewellery
 v - the amulet of Satisfaction {rPois Regen+ Str+6}
   (You took it off a spriggan defender on level 3 of the Depths)

   [amulet of regeneration]

   Str+6:     It affects your strength (+6).
   rPois:     It protects you from poison Regen+: It increases your rate of
   health regeneration.
 y - the ring of the Shining Light {rPois Str+5 Int+2 Dex+6}
   (You took it off a vault sentinel on level 5 of the Vaults)

   [ring of dexterity]

   Str+5:     It affects your strength (+5).
   Int+2:     It affects your intelligence (+2).
   Dex+6:     It affects your dexterity (+6).
   rPois:     It protects you from poison
 G - an amulet of faith
 P - the ring "Cefil" (left hand) {rF+ rN+ Will+}
   (You bought it in a shop on level 1 of the Depths)

   [ring of willpower]

   rF+:       It protects you from fire.
   rN+:       It protects you from negative energy.
   Will+:     It increases your willpower.
 T - the ring "Tekkopn" {Str+6 Int+4 Dex+9}
   (You took it off a wight on level 10 of the Dungeon)

   [ring of strength]

   Str+6:     It affects your strength (+6).
   Int+4:     It affects your intelligence (+4).
   Dex+9:     It affects your dexterity (+9).
 U - the ring of Arouj (right hand) {rElec rC+ Will+ Str+2}
   (You bought it in a shop on level 10 of the Dungeon)

   [ring of willpower]

   Str+2:     It affects your strength (+2).
   rC+:       It protects you from cold.
   rElec:     It insulates you from electricity.
   Will+:     It increases your willpower.
Wands
 d - a wand of mindburst (14)
 F - a wand of acid (31)
 H - a wand of polymorph (41)
 M - a wand of digging (10)
 S - a wand of roots (34)
Scrolls
 m - 12 scrolls of teleportation
 n - 6 scrolls of fear
 o - 8 scrolls of blinking
 t - 8 scrolls of poison
 z - 7 scrolls of vulnerability
 J - 8 scrolls of fog
 V - 9 scrolls of immolation
 X - a scroll of revelation
 Z - a scroll of silence {!r}
Potions
 b - 9 potions of might
 g - 3 potions of resistance
 i - 2 potions of haste
 k - 5 potions of invisibility
 q - a potion of curing
 s - 3 potions of magic
 u - 8 potions of mutation
 x - 5 potions of lignification
 C - 3 potions of berserk rage {!q}
 E - 11 potions of brilliance
 L - 12 potions of attraction
 N - 3 potions of cancellation
 W - 5 potions of enlightenment
Miscellaneous
 j - a phial of floods
 D - a tin of tremorstones (2/2)
 Q - a lightning rod (4/4)


   Skills:
 - Level 24.0 Fighting
 - Level 2.0 Short Blades
 - Level 24.0 Axes
 - Level 20.0 Throwing
 - Level 20.0 Armour
 - Level 0.8 Dodging
 - Level 3.2 Stealth
 - Level 11.8 Shields
 - Level 5.0 Spellcasting
 - Level 17.0 Translocations
 + Level 25.8 Invocations
 - Level 10.0 Evocations


You had 25 spell levels left.
You knew the following spells:

 Your Spells              Type           Power      Damage    Failure   Level
a - Lesser Beckoning      Tloc           80%        N/A       1%          2
b - Manifold Assault      Tloc           40%        N/A       1%          4
c - Apportation           Tloc           80%        N/A       1%          1
d - Passage of Golubria   Tloc           40%        N/A       1%          4

Your spell library contained the following spells:

 Spells                   Type           Power      Damage    Failure   Level
 Gell's Gravitas          Tloc           40%        N/A       1%          3
 Teleport Other           Tloc           40%        N/A       1%          3
 Volatile Blastmotes      Fire/Tloc      42%        2d13      19%         3
 Dimensional Bullseye     Hex/Tloc       10%        N/A       54%         4
 Iskenderun's Mystic Bla  Conj/Tloc      21%        2d6       54%         4
 Vhi's Electric Charge    Tloc/Air       42%        N/A       54%         4
 Foxfire                  Conj/Fire      8%         2x1d4     91%         1
 Kiss of Death            Conj/Necr      8%         2d6       91%         1
 Magic Dart               Conj           8%         1d3       91%         1
 Sandblast                Erth           4%         2d4       91%         1
 Shock                    Conj/Air       8%         1d3       91%         1
 Ensorcelled Hibernation  Hex/Ice        4%         N/A       97%         2
 Jinxbite                 Hex            4%         N/A       97%         2
 Mercury Vapours          Alch/Air       4%         N/A       97%         2
 Searing Ray              Conj           4%         2d4       97%         2
 Sublimation of Blood     Necr           2%         N/A       97%         2
 Confusing Touch          Hex            2%         N/A       99%         3
 Dazzling Flash           Conj/Hex       4%         N/A       99%         3
 Frozen Ramparts          Ice            4%         1d1       99%         3
 Fugue of the Fallen      Necr           2%         N/A       99%         3
 Hailstorm                Conj/Ice       2%         3d5       99%         3
 Inner Flame              Hex/Fire       2%         N/A       99%         3
 Mephitic Cloud           Conj/Alch/Air  2%         N/A       99%         3
 Ozocubu's Armour         Ice            2%         N/A       99%         3
 Passwall                 Erth           2%         N/A       99%         3
 Sigil of Binding         Hex            2%         N/A       99%         3
 Stone Arrow              Conj/Erth      4%         3d7       99%         3
 Swiftness                Air            2%         N/A       99%         3
 Anguish                  Hex/Necr       1%         N/A       100%        4
 Brom's Barrelling Bould  Conj/Erth      2%         2d3       100%        4
 Cause Fear               Hex            1%         N/A       100%        4
 Dispel Undead            Necr           2%         3d7       100%        4
 Flame Wave               Conj/Fire      2%         2d4       100%        4
 Fulminant Prism          Conj/Alch      1%         3d5       100%        4
 Olgreb's Toxic Radiance  Alch           2%         N/A       100%        4
 Petrify                  Alch/Erth      2%         N/A       100%        4
 Sticky Flame             Fire/Alch      2%         2d4       100%        4
 Alistair's Intoxication  Alch           1%         N/A       100%        5
 Arcjolt                  Conj/Air       1%         1d11      100%        5
 Borgnjor's Vile Clutch   Necr/Erth      1%         N/A       100%        5
 Fireball                 Conj/Fire      1%         3d3       100%        5
 Freezing Cloud           Conj/Ice/Air   1%         6-21      100%        5
 Irradiate                Conj/Alch      1%         3d12      100%        5
 Iskenderun's Battlesphe  Conj           2%         2d6       100%        5
 Metabolic Englaciation   Hex/Ice        1%         N/A       100%        5
 Silence                  Hex/Air        1%         N/A       100%        5
 Yara's Violent Unravell  Hex/Alch       1%         3d3       100%        5
 Eringya's Noxious Bog    Alch           1%         4d6       100%        6
 Plasma Beam              Fire/Air       1%         2x1d11    100%        6
 Starburst                Conj/Fire      1%         6d3       100%        6
 Enfeeble                 Hex            1%         N/A       100%        7
 Orb of Destruction       Conj           1%         9d5       100%        7
 Ozocubu's Refrigeration  Ice            1%         4d7       100%        7
 Borgnjor's Revivificati  Necr           1%         N/A       100%        8
 Discord                  Hex            1%         N/A       100%        8
 Ignition                 Fire           1%         3d3       100%        8
 Lehudib's Crystal Spear  Conj/Erth      1%         10d2      100%        8
 Maxwell's Capacitive Co  Air            1%         ∞         100%        8
 Death's Door             Necr           1%         N/A       100%        9
 Fire Storm               Conj/Fire      1%         7d1       100%        9
 Polar Vortex             Ice            1%         N/A       100%        9
 Summon Small Mammal      Summ           Unusable   N/A       N/A         1
 Call Canine Familiar     Summ           Unusable   N/A       N/A         3
 Summon Ice Beast         Ice/Summ       Unusable   N/A       N/A         3
 Tukima's Dance           Hex            Unusable   N/A       N/A         3
 Animate Armour           Summ/Erth      Unusable   N/A       N/A         4
 Animate Dead             Necr           Unusable   N/A       N/A         4
 Summon Blazeheart Golem  Fire/Summ      Unusable   N/A       N/A         4
 Death Channel            Necr           Unusable   N/A       N/A         6
 Sculpt Simulacrum        Ice/Alch       Unusable   N/A       N/A         6
 Haunt                    Necr/Summ      Unusable   N/A       N/A         7
 Spellforged Servitor     Conj/Summ      Unusable   N/A       N/A         7
 Dragon's Call            Summ           Unusable   N/A       N/A         9

Dungeon Overview and Level Annotations

Branches:
Dungeon (15/15)            Temple (1/1) D:4            Lair (5/5) D:11
 Shoals (4/4) Lair:2        Snake (4/4) Lair:2        Slime (0/5) Lair:5
    Orc (2/2) D:9             Elf (3/3) Orc:2        Vaults (5/5) D:14
  Crypt (0/3) Vaults:3     Depths (4/4) D:15            Zot (5/5) Depths:4
  IceCv (visited)          WizLab (visited)

Altars:
Ashenzari
Cheibriados
Dithmenos
Elyvilon
Fedhas
Gozag
Hepliaklqana
Kikubaaqudgha
Makhleb
Nemelex Xobeh
Okawaru
Qazlal
Ru
Sif Muna
Trog
Uskayaw
Vehumet
Wu Jian
Xom
Yredelemnul
Zin
The Shining One
Beogh
Jiyva

Shops:
D:1 (   D:10 =   D:14 ?   Orc:2 ([([   Elf:1 [   Elf:2 :   Shoals:1 =
Snake:1 [!=   Snake:3 :=!!   Vaults:3 [[   Vaults:5 ?!   Depths:1 =::

Portals:
Hell: Depths:1 Depths:2 Depths:3 Depths:4
Abyss: Depths:3 Depths:4
Pandemonium: Depths:2
Ziggurat: Depths:4

Annotations:
D:2 1 runed translucent door, exclusion: door, Crazy Yiuf
D:4 Menkaure
D:6 6 exclusions
Lair:5 1 runed translucent door, exclusion: door
Elf:1 6 transporters
Elf:2 3 runed translucent doors
Elf:3 2 transporters, yapang's ghost, adept DrAl
Vaults:5 !vaults warning
Zot:4 1 transporter, Grunn


Innate Abilities, Weirdness & Mutations

Your magical capacity is low. (-10% MP)


Message History

You finish taking off the amulet of Satisfaction {rPois Regen+ Str+6}.
You start putting on your amulet.
You continue putting on your amulet of faith. x5
You finish putting on your amulet of faith.
You feel a surge of divine interest.
G - an amulet of faith (around neck) Really remove
G - an amulet of faith?
You start removing your amulet.
You continue taking off your amulet of faith. x4
You finish taking off your amulet of faith.
Okawaru seems less interested in you.
You feel less pious.
You can no longer enter into single combat with a foe.
Okawaru will no longer gift you throwing weapons.
Okay, then.
Really put on
G - an amulet of faith?
You start putting on your amulet.
You continue putting on your amulet of faith. x2
Your magical contamination has completely faded away.
You continue putting on your amulet of faith. x3
You finish putting on your amulet of faith.
You feel a surge of divine interest.
G - an amulet of faith (around neck)
Casting: Manifold Assault (mildly dangerous; 1% risk of failure)
Press: ? - help, Q - select action, (/) - cycle Dir - look around, f - activate Space momentarily warps into an impossible shape!
You slash the orange demon! You freeze the orange demon.
Casting: Manifold Assault (mildly dangerous; 1% risk of failure)
Press: ? - help, Q - select action, (/) - cycle Dir - look around, f - activate Space momentarily warps into an impossible shape!
You open the orange demon like a pillowcase!!!
You freeze the orange demon!
You kill the orange demon!
Okawaru accepts your kill.
Really remove
G - an amulet of faith?
You start removing your amulet.
You continue taking off your amulet of faith. x4
You finish taking off your amulet of faith.
Okawaru seems less interested in you.
You feel less pious.
You have escaped!

#.####
#....###############
#.##................
#.##################
#.#.............>...
#.#..#..#..#..#...##
#.#...............##
#.#.................
#.#@............>.##
#.#...............##
#.#..........§....##
#.#..#..#..#..#..###
#.#.............># #
#.################ #
#># ########## #.#
#.......## #.#
#.#####.##


There were no monsters in sight!

Vanquished Creatures
  6 orbs of fire
  2 ancient liches
  3 dread liches
  Mara (Elf:3)
  A juggernaut (Depths:3)
  Boris (Vaults:5)
  Vashnia (Snake:4)
  4 Killer Klowns
  3 curse toes
  Nikola (Snake:1)
  2 bone dragons (Depths:4)
  8 golden dragons
  A Tzitzimitl (Zot:5)
  3 electric golems
  20 Orb Guardians (Zot:5)
  29 tentacled monstrosities
  2 Ice Fiends (D:1)
  4 walking earthen tomes (Depths:3)
  5 liches
  2 deep elf blademasters (Elf:3)
  3 titans (Vaults:5)
  2 deep elf master archers (Elf:3)
  6 sphinxes
  Asterion (Snake:1)
  A walking divine tome (Depths:3)
  2 Executioners
  10 quicksilver dragons
  4 krakens
  10 death cobs
  16 shadow dragons
  Gastronok (D:12)
  Kirke (Shoals:1)
  Agnes (D:14)
  6 draconian knights
  8 tengu reavers
  6 nagarajas
  18 storm dragons
  7 frost giants
  4 protean progenitors
  Aizul (Snake:4)
  12 draconian monks
  3 iron dragons
  Donald (Vaults:4)
  11 fire giants
  3 ghost moths
  A draconian shifter (Zot:4)
  16 vault wardens
  The ghost of Gopogaj the Spry, a journeyman MfGl of Cheibriados (D:14)
  5 deep elf sorcerers
  3 balrugs
  2 ghouls (Zot:3)
  2 draconian scorchers
  4 deep elf elementalists (Elf:3)
  6 draconian stormcallers
  An angel (D:15)
  A reaper (Zot:5)
  21 ironbound preservers
  A cacodemon (D:8)
  Louise (Snake:2)
  26 stone giants
  6 spriggan defenders
  2 orc warlords
  2 formless jellyfish
  8 very ugly things
  8 draconian annihilators
  8 ironbound thunderhulks
  14 green draconians
  5 deep elf demonologists
  9 black draconians
  7 deep elf annihilators
  7 deep elf death magi
  6 vampire knights
  8 dire elephants
  3 war gargoyles
  18 purple draconians
  Azrael (D:12)
  7 red draconians
  5 yellow draconians
  12 white draconians
  5 spark wasps (Depths:3)
  7 statues (WizLab)
  5 merfolk impalers
  4 merfolk javelineers
  19 ettins
  7 fire dragons
  15 yaktaur captains
  A deep elf high priest (Elf:3)
  An entropy weaver (Vaults:1)
  Josephine (Shoals:1)
  4 rakshasas
  7 salamander tyrants (Snake:4)
  5 great orbs of eyes
  A hell beast (Depths:4)
  13 ice dragons
  3 ogre magi
  15 centaur warriors
  A peacekeeper (Vaults:2)
  6 ironbound frosthearts
  6 spriggan air magi
  A catoblepas (Lair:4)
  5 merfolk aquamancers
  35 vault guards
  8 hydras
  2 death knights (D:15)
  2 jorogumos (Zot:1)
  A merfolk avatar (Shoals:3)
  Erica (Lair:2)
  2 alligator snapping turtles (Shoals:3)
  8 anacondas
  9 naga warriors
  7 deep troll shamans
  3 satyrs
  5 boulder beetles
  11 two-headed ogres
  5 tengu warriors
  10 deep troll earth magi
  A hell hog (Depths:4)
  9 death yaks
  9 orc high priests
  A vampire mage (Depths:1)
  A titan zombie (Depths:1)
  12 dancing weapons
  3 occultists
  7 spriggan berserkers
  15 naga sharpshooters
  5 shock serpents
  3 soul eaters
  2 spriggans (Depths:2)
  2 hell knights
  7 sun demons
  6 deep elf knights
  A skyshark (shapeshifter) (Depths:3)
  A skyshark (Lair:5)
  8 skeletal warriors
  A salamander mystic (Snake:3)
  2 sixfirhies
  4 iron trolls
  A spriggan rider (Depths:2)
  A shadow demon (Depths:2)
  13 sea snakes
  53 deep trolls
  A swamp dragon (Lair:5)
  3 cherubim
  4 deep elf archers
  5 glowing orange brains
  4 flayed ghosts
  11 phantasmal warriors
  3 naga ritualists
  3 large abominations
  11 harpies
  10 lindwurms
  9 arcanists
  25 ironbound convokers
  Pikel (D:8)
  9 orc knights
  11 deep elf pyromancers
  15 deep elf zephyrmancers
  13 mana vipers
  10 necromancers
  2 frost giant zombies (Depths:1)
  7 orc sorcerers
  2 wolf spiders
  A salamander (shapeshifter) (Depths:3)
  17 manticores
  25 ugly things
  9 fauns
  15 cyclopes
  A shining eye (shapeshifter) (Depths:1)
  11 salamanders
  38 black mambas
  Joseph (D:9)
  34 moths of wrath
  11 elephants
  5 kobold blastminers (Orc:2)
  7 merfolk sirens
  A frost giant skeleton (Depths:1)
  11 naga magi
  7 meliai
  9 water nymphs
  3 gargoyles
  12 guardian serpents
  16 cane toads
  An ice statue (IceCv)
  5 torpor snails
  An elf skeleton (Vaults:1)
  2 orange demons
  2 hellions
  A black mamba (shapeshifter) (D:15)
  21 vault sentinels
  Maggie (D:8)
  4 rime drakes
  2 kobold demonologists
  2 efreet
  An unseen horror (D:13)
  7 freezing wraiths
  31 yaktaurs
  4 anaconda simulacra (IceCv)
  11 komodo dragons
  A yaktaur skeleton (Vaults:1)
  12 ice devils (IceCv)
  Jeremiah (D:8)
  A spriggan skeleton (Depths:1)
  23 tengu conjurers
  8 trolls
  21 merfolk
  A tyrant leech (D:10)
  2 polar bears
  A troll (shapeshifter) (Elf:3)
  A wind drake (shapeshifter) (Depths:2)
  3 wind drakes
  27 blink frogs
  4 hornets
  15 snapping turtles
  13 dream sheep
  A fire giant simulacrum (Depths:1)
  An ettin zombie (Depths:1)
  35 slime creatures
  8 wraiths
  14 water elementals
  7 basilisks
  36 yaks
  14 wyverns
  2 shadows (D:10)
  A vampire (D:10)
  2 air elementals (Elf:3)
  6 fire elementals
  5 humans
  5 wargs
  2 steam dragons
  6 redbacks
  A human simulacrum (Vaults:1)
  6 vampire mosquitoes
  Edmund (D:4)
  4 death yak simulacra (IceCv)
  A harpy simulacrum (IceCv)
  3 swamp worms (D:10)
  A human zombie (Vaults:1)
  32 nagas
  30 water moccasins
  A naga (shapeshifter) (D:15)
  4 acid dragons
  4 hydra simulacra (IceCv)
  4 swamp drakes (Lair:5)
  60 orc warriors
  A hell hound (D:12)
  3 ice beasts
  5 boggarts
  A black bear (D:7)
  14 ogres
  20 wolves
  3 centaurs
  A human skeleton (Vaults:1)
  A phantom (D:5)
  2 lemures (D:8)
  18 bullfrogs
  3 kobold brigands
  A brain worm (shapeshifter) (Vaults:5)
  4 earth elementals
  2 gnoll sergeants
  2 scorpions
  16 wights
  4 cane toad simulacra (IceCv)
  5 elephant simulacra (IceCv)
  13 killer bees
  4 howler monkeys
  5 electric eels
  2 lava snakes (Lair:2)
  6 crimson imps (D:11)
  A jelly (D:5)
  A gnoll bouda (D:6)
  2 hounds
  2 bombardier beetles
  42 orc priests
  A sleepcap (D:5)
  8 iguanas
  24 orc wizards
  A spriggan simulacrum (IceCv)
  2 troll simulacra (IceCv)
  2 polar bear simulacra (IceCv)
  5 wolf simulacra (IceCv)
  21 gnolls
  8 adders
  5 white imps
  3 ufetubi (IceCv)
  A worm (D:2)
  2 dart slugs (D:4)
  114 orcs
  8 endoplasms
  5 giant cockroaches
  8 goblins
  3 hobgoblins
  4 jackals (D:1)
  6 quokkas
  5 ball pythons
  8 bats
  4 frilled lizards
  31 kobolds
  5 rats
  3 aspiring fleshes (Zot:3)
  A spectral weapon (Snake:1)
  18 tentacles
2283 creatures vanquished.

Vanquished Creatures (others)
  A fire giant (Depths:3)
  A deep elf knight (Elf:2)
  A tengu conjurer (Depths:3)
  3 slime creatures (D:15)
  36 tentacles
42 creatures vanquished.

Grand Total: 2325 creatures vanquished

Notes
Turn   | Place    | Note
-------+----------+-------------------------------------------
     0 | D:1      | Wizard1ke the Hill Orc Brigand began the quest for the Orb.
     0 | D:1      | Reached XP level 1. HP: 18/18 MP: 1/1
   139 | D:1      | Reached XP level 2. HP: 26/26 MP: 2/2
   603 | D:1      | Reached XP level 3. HP: 33/33 MP: 3/3
  1038 | D:1      | Found Hoagoch's Weapon Shoppe.
  1269 | D:2      | Reached XP level 4. HP: 38/41 MP: 4/4
  1362 | D:2      | Reached skill level 5 in Fighting
  1555 | D:2      | Found a runed translucent door.
  1556 | D:2      | Noticed Crazy Yiuf
  2014 | D:2      | Reached XP level 5. HP: 35/50 MP: 5/5
  2722 | D:3      | Found an iron altar of Okawaru.
  2796 | D:3      | Reached XP level 6. HP: 17/58 MP: 6/6
  2936 | D:3      | Became a worshipper of Warmaster Okawaru
  3572 | D:4      | Identified the +8 rapier "Luzugira" {flame, rF+ rC+}
  3603 | D:4      | Reached XP level 7. HP: 66/66 MP: 7/7
  3705 | D:4      | Noticed Menkaure
  4182 | D:4      | Noticed Edmund
  4200 | D:4      | Killed Edmund
  4325 | D:4      | Found a radiant altar of Vehumet.
  4375 | D:4      | Found a staircase to the Ecumenical Temple.
  4552 | D:5      | Entered Level 5 of the Dungeon
  4564 | Temple   | Entered the Ecumenical Temple
  4621 | D:5      | Found a white marble altar of Elyvilon.
  4770 | D:5      | Reached skill level 1 in Invocations
  4782 | D:5      | Reached * piety under Okawaru
  4783 | D:5      | Reached skill level 5 in Throwing
  4783 | D:5      | Reached skill level 2 in Invocations
  4796 | D:5      | Reached skill level 4 in Invocations
  4796 | D:5      | Reached XP level 8. HP: 36/74 MP: 9/11
  5152 | D:5      | Reached skill level 5 in Invocations
  5152 | D:5      | Reached skill level 1 in Armour
  5224 | D:5      | Found a shimmering blue altar of Sif Muna.
  5792 | D:5      | Reached ** piety under Okawaru
  5932 | D:5      | Reached skill level 6 in Invocations
  6094 | D:6      | Found a broken altar of Ashenzari.
  6143 | D:6      | Found a shadowy altar of Dithmenos.
  6239 | D:6      | Found a bloodstained altar of Trog.
  6285 | D:6      | Reached XP level 9. HP: 76/85 MP: 13/13
  6762 | D:7      | Reached skill level 10 in Fighting
  6762 | D:7      | Reached skill level 1 in Shields
  6901 | D:7      | Found an opulent altar of Gozag.
  7169 | D:7      | Reached skill level 5 in Shields
  7383 | D:8      | Noticed Jeremiah
  7398 | D:8      | Killed Jeremiah
  7398 | D:8      | Reached *** piety under Okawaru
  7450 | D:8      | Noticed Maggie
  7471 | D:8      | Killed Maggie
  7944 | D:8      | Reached XP level 10. HP: 80/93 MP: 14/14
  8129 | D:8      | Noticed Pikel
  8144 | D:8      | Killed Pikel
  8145 | D:8      | Reached skill level 5 in Axes
  8245 | D:8      | Found a sparkling altar of Nemelex Xobeh.
  8511 | D:9      | Found a glowing golden altar of the Shining One.
  8652 | D:9      | Got Laror's Collected Works on the Winter and the Evil Eye
  8947 | D:9      | Noticed a two-headed ogre
  8955 | D:9      | Killed a two-headed ogre
  9132 | D:9      | Noticed Joseph
  9260 | D:9      | Killed Joseph
  9260 | D:9      | Reached **** piety under Okawaru
  9406 | D:9      | Found a staircase to the Orcish Mines.
  9864 | D:9      | Reached skill level 10 in Shields
 10059 | D:9      | Found a hide-covered altar of Uskayaw.
 10155 | D:10     | Entered Level 10 of the Dungeon
 10155 | D:10     | Found Ohel's Jewellery Emporium.
 10170 | D:9      | Reached XP level 11. HP: 80/99 MP: 15/15
 10179 | D:9      | Reached skill level 10 in Axes
 10227 | D:10     | Noticed a two-headed ogre
 10227 | D:10     | Noticed a two-headed ogre
 10616 | D:9      | Killed a two-headed ogre
 10826 | D:9      | Killed a two-headed ogre
 10879 | D:10     | Found a hide-covered altar of Uskayaw.
 10879 | D:10     | Found a basalt altar of Yredelemnul.
 10881 | D:10     | Found a burning altar of Makhleb.
 10881 | D:10     | Found a sacrificial altar of Ru.
 11130 | D:10     | Noticed a manticore
 11349 | D:9      | Killed a manticore
 11569 | D:10     | Identified the ring "Tekkopn" {Str+6 Int+4 Dex+9}
 11945 | D:10     | Noticed a white ugly thing
 11945 | D:10     | Noticed a white ugly thing
 12137 | D:10     | Noticed a cyclops
 12153 | D:10     | Killed a cyclops
 12230 | D:10     | Found a hazy altar of Hepliaklqana.
 12416 | D:10     | Killed a white ugly thing
 12417 | D:10     | Reached skill level 15 in Axes
 12424 | D:10     | Killed a purple ugly thing
 12522 | D:10     | Found a burning altar of Makhleb.
 12780 | D:10     | Bought the ring of Arouj {rElec rC+ Will+ Str+2} for 702
                  | gold pieces
 12833 | D:11     | Reached skill level 1 in Evocations
 12871 | D:11     | You fall into a shaft and drop 3 floors!
 12890 | D:14     | Reached XP level 12. HP: 100/106 MP: 13/16
 12924 | D:14     | Noticed a boulder beetle
 12925 | D:14     | Found Yqiecenax's Magic Scroll Boutique.
 12943 | D:14     | Killed a boulder beetle
 13068 | D:14     | Noticed Agnes
 13075 | D:14     | Noticed a centaur warrior
 13270 | D:14     | Noticed a boulder beetle
 13279 | D:13     | Found a portal to a secret trove of treasure.
 13421 | D:13     | Identified the +1 robe of Birdsong {Fly Str-5 Dex+3 SInv}
 13481 | D:12     | Reached skill level 7 in Invocations
 13725 | D:11     | Noticed a two-headed ogre
 13740 | D:11     | Killed a two-headed ogre
 13848 | D:11     | Found a staircase to the Lair.
 13886 | D:11     | Identified the +0 cloak of Inquiry {-Tele Str+2 Dex+3 SInv}
 14000 | D:11     | Reached ***** piety under Okawaru
 14057 | D:11     | Noticed a two-headed ogre
 14063 | D:11     | Killed a two-headed ogre
 14163 | D:11     | Noticed a two-headed ogre
 14175 | D:11     | Killed a two-headed ogre
 14300 | D:11     | Reached skill level 8 in Invocations
 14690 | Lair:1   | Entered Level 1 of the Lair of Beasts
 14860 | Lair:1   | Identified the +3 leather armour "Ohyipi" {rPois Regen+
                  | MP+9}
 15191 | Lair:1   | Reached skill level 9 in Invocations
 15237 | Lair:1   | Reached skill level 5 in Evocations
 15274 | Lair:1   | Reached XP level 13. HP: 95/117 MP: 20/20
 15893 | Lair:2   | Reached ****** piety under Okawaru
 15894 | Lair:2   | Acquired the +8 frozen axe "Frostbite" {freeze, freezing
                  | cloud, *Noise Fly rC+}
 15894 | Lair:2   | Received a gift from Okawaru
 15894 | Lair:2   | Found the +8 frozen axe "Frostbite" {freeze, freezing
                  | cloud, *Noise Fly rC+}
 15906 | Lair:2   | Acquired the +9 plate armour "Xunelasi" {Fly Slay-2 SInv}
 15906 | Lair:2   | Received a gift from Okawaru
 15933 | Lair:2   | Noticed Erica
 15944 | Lair:2   | Killed Erica
 16092 | Lair:2   | Reached skill level 10 in Invocations
 16103 | Lair:2   | Received a gift from Okawaru
 16379 | Lair:2   | Found a staircase to the Snake Pit.
 16452 | Lair:2   | Found a staircase to the Shoals.
 16832 | Lair:3   | Identified the +5 spear of Nimukk {drain, Fly rElec Str-2
                  | Dex+8}
 17731 | Lair:4   | Received a gift from Okawaru
 18016 | Lair:3   | Reached XP level 14. HP: 114/132 MP: 21/21
 18165 | Lair:4   | You are sucked into a shaft and drop 1 floor!
 18165 | Lair:5   | Entered Level 5 of the Lair of Beasts
 18190 | Lair:5   | Received a gift from Okawaru
 18204 | Lair:5   | Reached skill level 15 in Fighting
 18903 | Lair:4   | Received a gift from Okawaru
 19379 | Lair:5   | Found a viscous altar of Jiyva.
 19379 | Lair:5   | Found a staircase to the Slime Pits.
 19659 | Lair:5   | Received a gift from Okawaru
 19721 | Lair:5   | Reached XP level 15. HP: 141/141 MP: 22/22
 19820 | Lair:5   | Reached skill level 5 in Armour
 20152 | Lair:5   | Received a gift from Okawaru
 20191 | Lair:5   | Found a runed translucent door.
 20194 | Lair:5   | Noticed a tentacled starspawn
 21091 | D:12     | Reached skill level 11 in Invocations
 21131 | D:12     | Noticed Azrael
 21143 | D:12     | Killed Azrael
 21269 | D:12     | Identified the +2 robe of the Game of Kings {rElec Int-5
                  | Slay+3 Archmagi}
 21511 | D:12     | Noticed Gastronok
 21571 | D:12     | Killed Gastronok
 21623 | D:12     | Received a gift from Okawaru
 22932 | D:14     | Received a gift from Okawaru
 23084 | D:14     | Found a gate to the Vaults.
 23102 | D:14     | Reached skill level 12 in Invocations
 23117 | D:14     | Received a gift from Okawaru
 23580 | D:14     | Killed Agnes
 23654 | D:14     | Found a runed translucent door.
 23658 | D:14     | Noticed Gopogaj's ghost (journeyman MfGl)
 23733 | D:14     | Reached XP level 16. HP: 59/151 MP: 25/25
 23917 | D:14     | Killed Gopogaj's ghost
 23999 | D:15     | Entered Level 15 of the Dungeon
 24139 | D:15     | Received a gift from Okawaru
 24538 | D:15     | Found a staircase to the Depths.
 24753 | D:15     | Reached skill level 13 in Invocations
 25306 | Orc:1    | Entered Level 1 of the Orcish Mines
 25379 | Orc:1    | Found a roughly hewn altar of Beogh.
 25472 | Orc:1    | Found a frozen archway.
 25483 | IceCv    | Entered an ice cave
 25648 | IceCv    | Found an ancient bone altar of Kikubaaqudgha.
 25908 | IceCv    | Received a gift from Okawaru
 25937 | IceCv    | Identified the ring "Beirhug" {*Corrode rF+ rN+ Int+8
                  | Dex-5}
 26321 | Orc:2    | Entered Level 2 of the Orcish Mines
 26519 | Orc:2    | Found a staircase to the Elven Halls.
 27049 | Orc:2    | Found Unuihile's Armour Shop.
 27071 | Orc:2    | Found Umiovi's Weapon Boutique.
 27140 | Orc:2    | Found a roughly hewn altar of Beogh.
 27424 | Orc:2    | Reached XP level 17. HP: 150/160 MP: 27/27
 27463 | Orc:2    | Found a roughly hewn altar of Beogh.
 27516 | Orc:2    | Received a gift from Okawaru
 27522 | Orc:2    | Found Fioso's Antique Weapon Shoppe.
 27569 | Orc:2    | Reached skill level 14 in Invocations
 27633 | Orc:2    | Found Yruiz's Antique Armour Boutique.
 27655 | Orc:2    | Bought a bloodstained helmet for 275 gold pieces
 27655 | Orc:2    | Identified the +0 helmet of the Cricket {Harm rC+} (You
                  | bought it in a shop on level 2 of the Orcish Mines)
 28090 | Snake:1  | Entered Level 1 of the Snake Pit
 28097 | Snake:1  | Found Jalul's Jewellery Shoppe.
 28167 | Snake:1  | Found Fitiul's Distillery.
 28180 | Snake:1  | Bought a ring of poison resistance for 320 gold pieces
 28184 | Snake:1  | Upgraded the game from 0.31-a0-1443-gd63ae51 to
                  | 0.31-a0-1444-g3ad46bb
 28205 | Snake:1  | Bought a potion of might for 56 gold pieces
 28205 | Snake:1  | Bought a potion of might for 56 gold pieces
 28205 | Snake:1  | Bought a potion of enlightenment for 70 gold pieces
 28216 | Snake:1  | Found Eppatax's Armour Boutique.
 28249 | Snake:1  | Reached skill level 10 in Evocations
 28268 | Snake:1  | Bought the +3 pair of seven-league boots {Rampage+∞} for
                  | 720 gold pieces
 28268 | Snake:1  | Found the +3 pair of seven-league boots {Rampage+∞}
 28475 | Snake:1  | Noticed Asterion
 28485 | Snake:1  | Killed Asterion
 28586 | Snake:1  | Identified the +12 dire flail "Hill Orc's Foe" {speed,
                  | rPois rF- Will+++ Stlth-}
 28647 | Snake:1  | Reached skill level 10 in Armour
 28768 | Snake:1  | Noticed Nikola
 28786 | Snake:1  | Killed Nikola
 29025 | Snake:2  | Noticed Louise
 29036 | Snake:2  | Killed Louise
 29217 | Snake:2  | Identified the +3 spear of Propriety {flame, Int+4}
 29815 | Snake:3  | Reached skill level 15 in Invocations
 29884 | Snake:3  | Found Maxug's Distillery.
 30117 | Snake:3  | Received a gift from Okawaru
 30134 | Snake:3  | Found Dozupn's Distillery.
 30136 | Snake:3  | Found Jakuitint's Jewellery Emporium.
 30140 | Snake:3  | Bought a potion of heal wounds for 65 gold pieces
 30140 | Snake:3  | Bought a potion of resistance for 130 gold pieces
 30140 | Snake:3  | Bought a potion of heal wounds for 65 gold pieces
 30149 | Snake:3  | Bought a potion of haste for 200 gold pieces
 30156 | Snake:3  | Found Zawyi's Book Shoppe.
 30279 | Snake:3  | Identified the +11 spear "Heoqul" {spect, *Rage rC+++ Str-5
                  | SInv}
 30464 | Snake:3  | Reached XP level 18. HP: 151/173 MP: 9/29
 30666 | Snake:3  | Identified the +2 ring mail "Raumudemoo" {Harm}
 30780 | Snake:4  | Entered Level 4 of the Snake Pit
 31093 | Snake:4  | Received a gift from Okawaru
 31260 | Snake:4  | Noticed Vashnia
 31272 | Snake:3  | Learned a level 2 spell: Lesser Beckoning
 31425 | Snake:4  | Identified the serpent talisman of Tukuu {*Corrode +Blink
                  | Dex+3}
 31425 | Snake:4  | Noticed Aizul
 31432 | Snake:4  | Killed Aizul
 31498 | Snake:4  | Received a gift from Okawaru
 31843 | Snake:4  | Killed Vashnia
 32123 | Snake:4  | Noticed a quicksilver dragon
 32136 | Snake:4  | Killed a quicksilver dragon
 32330 | Snake:4  | Received a gift from Okawaru
 32449 | Snake:4  | Got a serpentine rune of Zot
 32559 | Shoals:1 | Entered Level 1 of the Shoals
 32651 | Shoals:1 | Noticed Josephine
 32659 | Shoals:1 | Killed Josephine
 32943 | Shoals:1 | Found Dasok's One-of-a-Kind Rings.
 32976 | Shoals:1 | Found a runed translucent door.
 32980 | Shoals:1 | Found the amulet of the Air {Inacc Air Fly rElec RMsl}
 33276 | Shoals:1 | Noticed Kirke
 33281 | Shoals:1 | Killed Kirke
 33396 | Shoals:1 | Acquired a manual of Invocations
 33397 | Shoals:1 | Acquired the +2 pair of gloves of the Abyss {rElec Dex+2}
 34344 | Shoals:3 | Received a gift from Okawaru
 34345 | Shoals:3 | Reached XP level 19. HP: 133/185 MP: 30/30
 34448 | Shoals:3 | Reached skill level 10 in Throwing
 35267 | Shoals:4 | Entered Level 4 of the Shoals
 35510 | Shoals:4 | Got a barnacled rune of Zot
 35790 | Shoals:4 | Identified the +0 buckler of Horetoj {rF+}
 35798 | Shoals:4 | Received a gift from Okawaru
 36064 | Shoals:4 | Identified the +6 short sword of Hiufreth {heavy, Int+3
                  | Dex+3}
 36553 | Vaults:1 | Entered Level 1 of the Vaults
 36897 | Vaults:1 | Identified the +1 dagger of the Median {flame, Will+ Str+5}
 36986 | Vaults:1 | Received a gift from Okawaru
 37490 | Vaults:2 | Received a gift from Okawaru
 37555 | Vaults:2 | Reached XP level 20. HP: 176/193 MP: 31/31
 37728 | Vaults:2 | Reached skill level 15 in Throwing
 37815 | Vaults:2 | Received a gift from Okawaru
 38248 | Vaults:2 | Paralysed by a formless jellyfish for 1 turns
 38255 | Vaults:2 | Paralysed by a formless jellyfish for 1 turns
 38523 | Vaults:2 | Identified the +6 long sword of Vuac {drain, *Rage rC+
                  | Will+ Dex+8}
 39098 | Vaults:3 | Found a staircase to the Crypt.
 39174 | Vaults:3 | Received a gift from Okawaru
 39415 | Vaults:3 | Found Jagaun's Armour Boutique.
 39704 | Vaults:3 | Received a gift from Okawaru
 39964 | Vaults:3 | Found Unoi's Armour Boutique.
 40118 | Vaults:3 | Reached XP level 21. HP: 203/203 MP: 32/32
 40546 | Vaults:4 | Received a gift from Okawaru
 40630 | Vaults:4 | Found a magical portal.
 40641 | WizLab   | Entered Iskenderun's Mystic Tower
 41126 | WizLab   | Identified the +5 flail "Mud Pie of Death" {heavy, ^Contam
                  | rElec rF+++}
 41142 | WizLab   | Got Iskenderun's Omnibus of Hurting
 41142 | WizLab   | Got Iskenderun's Grimoire of Bolts
 41154 | WizLab   | Got the Compilation of Mud and the Jinx
 41384 | Vaults:4 | Received a gift from Okawaru
 41499 | Vaults:4 | Noticed Donald
 41514 | Vaults:4 | Killed Donald
 42267 | Arena    | Entered the Arena
 42789 | Elf:1    | Entered Level 1 of the Elven Halls
 42866 | Elf:1    | Found a transporter.
 42870 | Elf:1    | Found a transporter.
 42874 | Elf:1    | Found a transporter.
 42990 | Elf:1    | Found a transporter.
 43017 | Elf:1    | Found a transporter.
 43018 | Elf:1    | Found a transporter.
 43056 | Elf:1    | Found Xetrygoac's Antique Armour Shoppe.
 43084 | Elf:1    | Received a gift from Okawaru
 43285 | Elf:1    | Got the Compilation of the Locust
 43495 | Elf:2    | Found a runed translucent gate.
 43534 | Elf:2    | Found Ryerokur's Book Emporium.
 43775 | Elf:2    | Found a runed translucent gate.
 43776 | Elf:2    | Found a runed translucent gate.
 43927 | Elf:3    | Entered Level 3 of the Elven Halls
 43944 | Elf:3    | Found a bloodstained altar of Trog.
 43944 | Elf:3    | Noticed yapang's ghost (adept DrAl)
 44005 | Elf:3    | Found a transporter.
 44010 | Elf:3    | Found a transporter.
 44068 | Elf:3    | Reached XP level 22. HP: 213/215 MP: 33/33
 44379 | Elf:3    | Noticed Mara
 44388 | Elf:3    | Noticed Wizard1ke's illusion
 44388 | Elf:3    | Killed Mara
 44475 | Elf:1    | Bought slimy gold dragon scales for 3145 gold pieces
 44475 | Elf:1    | Identified the +0 gold dragon scales "Ohoraiss" {rPois rF+
                  | rC+ Str+2} (You bought it in a shop on level 1 of the Elven
                  | Halls)
 44645 | Elf:3    | Paralysed by an air elemental for 1 turns
 44684 | Elf:3    | Identified the +4 scale mail "Ripoit" {+Blink}
 44773 | Elf:3    | Identified the ring of the Shrike {Wiz Int+4}
 45257 | Elf:3    | Identified the ring "Sock" {Ice rElec rPois rN+ Dex-5}
 45724 | Elf:3    | Got Sif Muna's Volume of Calefaction and the Queen Bee
 45783 | Elf:3    | Identified the staff "Trog's Righteous Fury" {rF+ Dex+3
                  | Fire}
 46076 | Depths:1 | Entered Level 1 of the Depths
 46196 | Depths:1 | Reached skill level 15 in Armour
 46361 | Depths:1 | Found Guenism's Jewellery Boutique.
 46361 | Depths:1 | Found Qyrragis's Book Shoppe.
 46362 | Depths:1 | Found Usuaf's Book Shoppe.
 46376 | Depths:1 | Bought a book of Battle for 338 gold pieces
 46406 | Depths:1 | Noticed a golden dragon
 46422 | Depths:1 | Killed a golden dragon
 46423 | Depths:1 | Reached skill level 1 in Translocations
 46473 | Depths:1 | Received a gift from Okawaru
 46670 | Depths:1 | Found a gateway to Hell.
 47192 | Depths:1 | Reached skill level 5 in Translocations
 47838 | Depths:2 | Reached XP level 23. HP: 170/180 MP: 34/34
 48088 | Depths:2 | Received a gift from Okawaru
 48541 | Depths:2 | Found a snail-covered altar of Cheibriados.
 48996 | Depths:2 | Found a one-way gate leading to the halls of Pandemonium.
 49305 | Depths:1 | Identified the +5 quarterstaff of the Shifting Messenger
                  | {freeze, rF++}
 49424 | Depths:3 | Reached skill level 10 in Translocations
 49539 | Depths:3 | Found a glowing silver altar of Zin.
 49540 | Depths:3 | Found an ornate altar of the Wu Jian Council.
 49541 | Depths:3 | Found a shimmering altar of Xom.
 49747 | Depths:3 | Noticed a golden dragon
 49752 | Depths:3 | Identified the +10 long sword of the Realm of Zot {elec,
                  | Will+ rCorr Str+2}
 49762 | Depths:3 | Killed a golden dragon
 50190 | Depths:3 | Found a one-way gate to the infinite horrors of the Abyss.
 50306 | Depths:3 | You are sucked into a shaft and drop 1 floor!
 50306 | Depths:4 | Entered Level 4 of the Depths
 50325 | Depths:3 | Noticed a juggernaut
 50342 | Depths:3 | Killed a juggernaut
 50377 | Depths:3 | Identified the amulet of Satisfaction {rPois Regen+ Str+6}
 50436 | Depths:3 | Identified the +1 chain mail of the Untouchables {Regen+}
 50446 | Depths:3 | Reached XP level 24. HP: 227/235 MP: 34/34
 50537 | Depths:3 | Received a gift from Okawaru
 51093 | Depths:4 | Found a one-way gateway to a ziggurat.
 51128 | Depths:4 | Identified the +1 chain mail "Uthracama" {rCorr Int+3
                  | Dex+3}
 51256 | Depths:3 | Learned a level 4 spell: Manifold Assault
 51339 | Depths:1 | Bought the ring "Cefil" {rF+ rN+ Will+} for 820 gold pieces
 51791 | Depths:4 | Found a gate to the Realm of Zot.
 52179 | Depths:4 | Received a gift from Okawaru
 52626 | Vaults:2 | Reached skill level 1 in Spellcasting
 52722 | Vaults:5 | Entered Level 5 of the Vaults
 53164 | Vaults:5 | Identified the +0 triple crossbow "Newtslayer" {drain, rC+
                  | rN+}
 53268 | Vaults:5 | Noticed an ancient lich
 53275 | Vaults:5 | Killed an ancient lich
 53316 | Vaults:5 | Reached skill level 5 in Spellcasting
 53683 | Vaults:5 | Identified the ring of the Shining Light {rPois Str+5 Int+2
                  | Dex+6}
 53886 | Vaults:5 | Identified the +2 lajatang of Chance {freeze, rF- Will+
                  | Str+4 Stlth+}
 54006 | Vaults:5 | Reached skill level 15 in Translocations
 54034 | Vaults:5 | Received a gift from Okawaru
 54451 | Vaults:5 | Reached XP level 25. HP: 214/243 MP: 26/34
 54464 | Vaults:5 | Identified the +12 sling of Fear {freeze, rF+}
 54603 | Vaults:5 | Received a gift from Okawaru
 55049 | Vaults:5 | Got a silver rune of Zot
 55203 | Vaults:5 | Noticed a dread lich
 55215 | Vaults:5 | Killed a dread lich
 55344 | Vaults:5 | Identified the +1 robe "Supri" {Regen+}
 55438 | Vaults:5 | Found the +3 Elemental Staff {ele, rElec rF+ rC+ AC+3}
 55593 | Vaults:5 | Found Yked's Magic Scroll Emporium.
 55598 | Vaults:5 | Bought a scroll of enchant armour for 127 gold pieces
 55598 | Vaults:5 | Bought a scroll of fog for 68 gold pieces
 55598 | Vaults:5 | Bought a scroll of blinking for 127 gold pieces
 55756 | Vaults:5 | Noticed Boris
 55766 | Vaults:5 | Killed Boris
 55806 | Vaults:5 | Found Oxouhugyj's Distillery.
 55811 | Vaults:5 | Bought a potion of haste for 220 gold pieces
 55811 | Vaults:5 | Bought a potion of brilliance for 88 gold pieces
 56283 | Zot:1    | Entered Level 1 of the Realm of Zot
 56350 | Zot:1    | Reached skill level 16 in Invocations
 56516 | Zot:1    | Noticed an orb of fire
 56517 | Zot:1    | Gained mutation: You are clumsy. (Dex -2) [an orb of fire]
 56528 | Zot:1    | Killed an orb of fire
 56529 | Zot:1    | Reached skill level 17 in Invocations
 56791 | Zot:1    | Reached skill level 18 in Invocations
 57412 | Zot:1    | Reached skill level 19 in Invocations
 58099 | Zot:2    | Received a gift from Okawaru
 58238 | Zot:2    | Reached skill level 20 in Invocations
 58985 | Zot:2    | Reached skill level 21 in Invocations
 59510 | Zot:2    | Reached skill level 22 in Invocations
 59516 | Zot:2    | Noticed an orb of fire
 59534 | Zot:2    | Gained mutation: Your health recovers twice as slowly from
                  | being drained. [an orb of fire]
 59537 | Zot:2    | Gained mutation: You are occasionally teleported next to
                  | monsters. [an orb of fire]
 59540 | Zot:2    | Gained mutation: You have hidden genetic defects. [an orb
                  | of fire]
 59541 | Zot:2    | Killed an orb of fire
 59655 | Zot:2    | Received a gift from Okawaru
 59656 | Zot:2    | Lost mutation: You are occasionally teleported next to
                  | monsters. [potion of mutation]
 59656 | Zot:2    | Lost mutation: You have hidden genetic defects. [potion of
                  | mutation]
 59656 | Zot:2    | Lost mutation: Your health recovers twice as slowly from
                  | being drained. [potion of mutation]
 59656 | Zot:2    | Gained mutation: Your magical capacity is low. (-10% MP)
                  | [potion of mutation]
 59656 | Zot:2    | Lost mutation: You are clumsy. (Dex -2) [potion of
                  | mutation]
 59656 | Zot:2    | Gained mutation: You are somewhat resistant to further
                  | mutation. [potion of mutation]
 60199 | Zot:3    | Reached skill level 23 in Invocations
 60332 | Zot:3    | Reached XP level 26. HP: 237/250 MP: 30/34
 61049 | Zot:3    | Received a gift from Okawaru
 61119 | Zot:3    | Reached skill level 24 in Invocations
 61749 | Zot:3    | Reached skill level 25 in Invocations
 61924 | Zot:3    | Identified the +6 leather armour "Giacve" {+Blink rC- Str+3
                  | Int+3}
 62412 | Zot:3    | Noticed a Killer Klown
 62416 | Zot:3    | Killed a Killer Klown
 62652 | Zot:3    | Found a white marble altar of Elyvilon.
 62661 | Zot:3    | Found a glowing golden altar of the Shining One.
 62661 | Zot:3    | Found a glowing silver altar of Zin.
 62671 | Zot:3    | Learned a level 1 spell: Apportation
 62676 | Zot:3    | Learned a level 4 spell: Passage of Golubria
 62763 | Zot:3    | Received a gift from Okawaru
 63232 | Zot:4    | Noticed an ancient lich
 63341 | Arena    | Entered the Arena
 63621 | D:13     | You paid a toll of 19 potions of curing to enter a treasure
                  | trove
 63622 | Trove    | Entered a treasure trove
 63634 | Trove    | Identified the +0 cloak of Viny Lucidity {Harm SInv}
 63635 | Trove    | Identified the +2 pair of gloves of the Clam {Fly rN+
                  | Dex+4}
 63637 | Trove    | Identified the +0 pair of gloves of the Hidden Planets
                  | {Will- Str+4}
 63639 | Trove    | Identified the +0 kite shield of Ashenzari's Hope {Int+5}
 63770 | D:13     | Reached XP level 27. HP: 258/258 MP: 35/35
 64399 | Zot:4    | Noticed Grunn
 64405 | Zot:4    | Found a transporter.
 64405 | Zot:4    | Noticed an orb of fire
 64410 | Zot:4    | Noticed an orb of fire
 64411 | Zot:4    | Found a radiant altar of Vehumet.
 64413 | Zot:4    | Noticed a dread lich
 64973 | Zot:4    | Identified the ring of Niprot {rC+ Str+3 Dex+3 Slay+4}
 65494 | Zot:5    | Entered Level 5 of the Realm of Zot
 66557 | Zot:5    | Noticed an orb of fire
 66566 | Zot:5    | Noticed a dread lich
 66569 | Zot:5    | Killed an orb of fire
 66569 | Zot:5    | Received a gift from Okawaru
 66571 | Zot:5    | Killed a dread lich
 66574 | Zot:5    | Noticed an orb of fire
 66583 | Zot:5    | Killed an orb of fire
 66585 | Zot:5    | Noticed an orb of fire
 66608 | Zot:5    | Killed an orb of fire
 66767 | Zot:5    | Noticed an ancient lich
 66774 | Zot:5    | Killed an ancient lich
 66939 | Zot:5    | Noticed a dread lich
 66953 | Zot:5    | Killed a dread lich
 66970 | Zot:5    | Received a gift from Okawaru
 67168 | Zot:5    | Got the Orb of Zot
 67213 | Zot:5    | Noticed an orb of fire
 67225 | Zot:5    | Lost mutation: You are somewhat resistant to further
                  | mutation. [an orb of fire]
 67231 | Zot:5    | Killed an orb of fire
 67441 | Depths:1 | Noticed a seraph
 67605 | D:9      | Noticed Ilewoub the pandemonium lord
 67863 | D:$      | Escaped with the Orb!

Illustrated notes

Levels and vault maps discovered:
D:1:      lemuel_arrival_broad_hall, layout_basic, serial_shops,
          nicolae_shop_window_shopping
D:2:      cheibrodos_old_hovel, layout_basic, serial_aquarium,
          aquarium_bridge_square [aquarium_subvault_bridge,
          aquarium_subvault_bridge, aquarium_subvault_wall,
          aquarium_subvault_wall], aquarium_window_1, aquarium_window_1,
          aquarium_window_3, aquarium_view_2b, aquarium_balcony_3a,
          uniq_crazy_yiuf_cottage
D:3:      layout_basic, mainiacjoe_overflow_tiny_flanked
D:4:      layout_basic, amcnicky_altar_gilded,
          minmay_temple_entry_statues_pillars, uniq_edmund, uniq_menkaure
D:5:      layout_loops_ring, general_overflow_altar, elyvilon_altar_3
D:6:      cheibrodos_helix_gallery, layout_cave_pools,
          mainiacjoe_overflow_boulevard, lemuel_doored_altar,
          mainiacjoe_overflow_concentric_impassable
D:7:      layout_cave_pools, kennysheep_mini_moat
D:8:      layout_basic, nemelex_spade_bored_becter, uniq_maggie, uniq_jeremiah,
          uniq_pikel
D:9:      minmay_angry_zag, layout_rooms, nicolae_uskayaw_dance_studio,
          mainiacjoe_overflow_alcove_2, minivault_25, uniq_joseph
D:10:     minmay_the_grid_octo_triangle [minmay_the_grid_octo_horde,
          minmay_the_grid_octo_prize_big_c, minmay_the_grid_octo_shrine],
          layout_cave_pools, mainiacjoe_overflow_alcove_4,
          nicolae_overflow_crystal_walls, serial_shops,
          nicolae_shop_getting_attention, chequers_avenue, worms_lemuel
D:11:     layout_roguey, david_lair_shrubbed, minmay_nine_imps
D:12:     layout_gridville, uniq_gastronok, uniq_azrael
D:13:     layout_irregular_city, enter_trove_2
D:14:     layout_loops_cross, lightli_vaults_fourway_checkpoint, serial_shops,
          nicolae_shop_rolling_square, ebering_ghost_reflecting_pool, uniq_agnes
D:15:     grunt_enter_depths_giant_problem, layout_loops_corners,
          minmay_misc_feat_roman, minivault_1, minmay_shattered_shrine
Temple:   chequers_temple_sunken
Lair:1:   layout_roguey, beast_lair_carwin_8
Lair:2:   layout_chaotic_city, mainiacjoe_shoals_entry_four_pools,
          nicolae_snake_entry_warm_welcome, serial_bayou_shore_a,
          grunt_megastairs_2, uniq_erica
Lair:3:   layout_regular_city, serial_bayou_crossing
Lair:4:   layout_loops_ring, nzn_random_ring
Lair:5:   hangedman_lair_tendril_chambers, layout_small_grid,
          guppyfry_lair_end_dragon, slime_entry_1, pdpol_lair_cabin_in_the_woods
Shoals:1: nicolae_shoals_offshore_bank_account, layout_shoals,
          nicolae_shop_unique_rings, uniq_josephine, uniq_kirke
Shoals:2: layout_shoals, nicolae_tricolors
Shoals:3: layout_shoals, nicolae_shoals_the_drawing_of_the_three
Shoals:4: shoals_end_hangedman, layout_shoals, nicolae_tricolors
Snake:1:  layout_onion_interference, serial_shops, nicolae_shop_hallway_stairs,
          grunt_megastairs_5, minmay_shoptagon, uniq_asterion, uniq_nikola
Snake:2:  layout_cave_town, uniq_louise
Snake:3:  layout_cave_shapes, serial_shops, shop, hangedman_snake_corridor_cut,
          minmay_shop_star
Snake:4:  hellmonk_snake_rune_quicksilver_temple, layout_cave_town,
          serial_bayou_lake_a, uniq_vashnia, uniq_aizul
Orc:1:    layout_caves, portal_ice_cave_entry_pillars_2, mines1_david
Orc:2:    pubby_orc_utopia
Elf:1:    nicolae_elf_arrival_no_cutting_in_line, layout_geoelf_octagon,
          serial_shops, nicolae_shop_trees, minmay_elf_annihilation,
          serial_nicolae_subway, nicolae_sub_station_stone,
          nicolae_sub_station_metal, nicolae_sub_station_crystal
Elf:2:    elven_hall_of_blades_hangedman_original
          [nicolae_blade_entry_floor_patterns], layout_loops_cross,
          serial_shops, shop, nicolae_elf_v_pinch
Elf:3:    grunt_elf_hall_diamonds, layout_geoelf_castle,
          gammafunk_ghost_wrathful_warriors, pf_eden, uniq_mara
Vaults:1: v_misc_3, hangedman_vaults_maws, nicolae_vaults_security_offices_4,
          vaults_mumra_lcd, v_misc_12, ontoclasm_vaults_chip,
          nicolae_vaults_double_plus_2, ontoclasm_vaults_ligature,
          vaults_room_stairs_pillars, nicolae_vaults_apartment_1,
          layout_vaults_ring
Vaults:2: hangedman_vaults_nails, nicolae_vaults_closet_pinwheel_4, v_misc_8,
          v_misc_28, nicolae_vaults_more_shelving_1, layout_vaults_omnigrid
Vaults:3: minmay_crypt_entry_simple_plaza, nicolae_vaults_swerve,
          nicolae_vaults_door_testing_chamber, vaults_mumra_hex,
          nicolae_vaults_ninety_degrees, kennysheep_ogre_elephant_herders,
          nicolae_vaults_tetromino_Z_2, vaults_mumra_minichess, v_pattern_1,
          nicolae_vaults_taking_the_gang_shopping, vaults_dpeg_cross,
          ontoclasm_vaults_loading_screen, nicolae_vaults_gold_heap,
          vaults_room_hallway, layout_vaults_maze, serial_shops,
          nicolae_shop_advertising_works [nicolae_subvault_shop_adworks]
Vaults:4: mu_enter_wizlab_3, nicolae_vaults_disjoint_gnomons, v_misc_32,
          vaults_dpeg_diagonal, hangedman_vaults_trim, hangedman_vaults_stagger,
          dpeg_vaults_monster_box, nicolae_vaults_tetromino_T_2,
          vaults_room_corners, grunt_vaults_hallway_short,
          layout_vaults_chaotic_city, uniq_margery, uniq_donald
Vaults:5: uniq_boris
Depths:1: layout_basic, special_room [special_room_morgue], hell_entry,
          drop_trap, kennysheep_small_square, firewood_loft,
          kennysheep_random_hallway, minmay_shop_grove
Depths:2: pf_snail_temple, layout_cave_shapes, serial_bayou_lagoon_a,
          grunt_pan_entry_in_and_out, hell_entry
Depths:3: hangedman_slaughterboxes, hell_entry, abyss_entry
Depths:4: grunt_zot_entry_bicorn, layout_cave_shapes, enter_ziggurat_c,
          nicolae_abyss_entry_one_way_or_another, hellmouth_1
Zot:1:    layout_concentric_octagons, regret_index_zotdec_twisting_globes,
          uniq_josephina
Zot:2:    kennysheep_blocky_room, layout_onion_interference,
          hangedman_zot_decor_slant
Zot:3:    kennysheep_room_grid, layout_gridlike,
          regret_index_zotdec_alabaster_prism, hangedman_swamp_dais
Zot:4:    gammafunk_sealed_library, layout_gridville, uniq_grunn
Zot:5:    layout_gridlike

Skill      XL: |  1  2  3  4  5  6  7  8  9 10 11 12 13 14 15 16 17 18 19 20 21 22 23 24 25 26 27 |
---------------+----------------------------------------------------------------------------------+-----
Fighting       | 3 4 6 7 8 9 10 11 14 15 16 17 18 20 22 23 24 | 24.0
Throwing       | 2 3 5 9 14 16 17 18 20 | 20.0
Invocations    | 4 6 9 10 12 13 15 23 25 | 25.8
Armour         | 4 7 9 10 11 13 15 18 20 | 20.0
Shields        | 7 10 11 | 11.8
Axes           | 4 9 15 17 20 21 23 24 | 24.0
Evocations     | 1 5 6 8 9 10 | 10.0
Translocations | 6 12 15 17 | 17.0
Spellcasting   | 5 |  5.0
Short Blades   | |  2.0
Dodging        | |  0.8
Stealth        | |  3.2

Action                     |  1- 3 |  4- 6 |  7- 9 | 10-12 | 13-15 | 16-18 | 19-21 | 22-24 | 25-27 || total
---------------------------+-------+-------+-------+-------+-------+-------+-------+-------+-------++-------
  Melee: Dagger            |   136 |   224 |     5 |       |       |       |       |       |       ||   365
         Punch             |       |     2 |     3 |       |       |       |       |       |       ||     5
         Rapier            |       |       |   332 |   183 |       |       |       |       |       ||   515
         Broad axe         |       |       |       |   520 |    48 |       |       |       |       ||   568
         Executioner's axe |       |       |       |       |   754 |  1194 |  1068 |  1438 |  1365 ||  5819
  Throw: Dart              |       |     9 |     5 |    20 |     4 |       |       |       |       ||    38
         Javelin           |       |    11 |     1 |       |       |       |     3 |       |    14 ||    29
         Boomerang         |       |       |       |       |       |       |     8 |       |       ||     8
   Cast: Manifold Assault  |       |       |       |       |       |       |       |   118 |   439 ||   557
         Apportation       |       |       |       |       |       |       |       |       |     2 ||     2
 Invoke: Heroism           |       |       |     4 |    20 |    13 |    10 |     2 |       |     1 ||    50
         Finesse           |       |       |       |     3 |     6 |    14 |    15 |    25 |    11 ||    74
         Receive Weapon    |       |       |       |       |     1 |       |       |       |       ||     1
         Receive Armour    |       |       |       |       |     1 |       |       |       |       ||     1
         Duel              |       |       |       |       |       |       |     1 |       |     1 ||     2
  Evoke: Wand              |       |       |       |     6 |     3 |     1 |     1 |       |     3 ||    14
    Use: Potion            |       |     2 |     1 |     5 |     3 |     2 |     6 |     3 |    16 ||    38
         Scroll            |       |       |     5 |     9 |     8 |    10 |     7 |    19 |     8 ||    66
   Stab: Sleeping          |     2 |       |       |       |       |       |       |       |       ||     2
         Petrifying        |       |       |       |       |     2 |       |       |       |       ||     2
         Petrified         |       |       |       |       |     1 |       |       |       |       ||     1
         Distracted        |       |       |       |       |       |       |     1 |     1 |       ||     2
 Armour: Robe              |    46 |       |       |       |       |       |       |       |       ||    46
         Chain mail        |    22 |   181 |   260 |   403 |       |       |       |       |       ||   866
         Skin              |       |       |       |     6 |       |       |       |       |    11 ||    17
         Leather armour    |       |       |       |    47 |    18 |       |       |       |       ||    65
         Plate armour      |       |       |       |       |   755 |   899 |   917 |   118 |       ||  2689
         Gold dragon scale |       |       |       |       |       |       |       |   975 |   781 ||  1756
  Dodge: Dodged            |    61 |    67 |   108 |   171 |   213 |   300 |   260 |   220 |   161 ||  1561
  Block: Kite shield       |       |       |    66 |   399 |    19 |       |       |       |       ||   484

Table legend: (Time is in decaauts)
 A = Elapsed time spent in this place.
 B = Non-inter-level travel time spent in this place.
 C = Inter-level travel time spent in this place.
 D = Time resting spent in this place.
 E = Time spent auto-exploring this place.
 F = Levels seen in this place.
 G = Mean time per level.
                   A        B        C        D        E       F      G
               +--------+--------+--------+--------+--------+-----+--------+
         Total |  66263 |  61604 |   4659 |  10643 |  34980 |  53 | 1250.2 |
       Dungeon |  19881 |  18276 |   1605 |   4119 |   9324 |  15 | 1325.4 |
        Temple |     15 |     15 |      0 |     14 |      0 |   1 |   15.0 |
          Lair |   6375 |   5978 |    397 |    251 |   3814 |   5 | 1275.0 |
        Shoals |   3754 |   3560 |    194 |    206 |   2668 |   4 |  938.5 |
     Snake Pit |   4255 |   4023 |    232 |    410 |   2485 |   4 | 1063.8 |
  Orcish Mines |   2185 |   1993 |    192 |     51 |   1221 |   2 | 1092.5 |
   Elven Halls |   3024 |   2745 |    279 |    335 |   1590 |   3 | 1008.0 |
        Vaults |   8613 |   8197 |    416 |   1663 |   4481 |   5 | 1722.6 |
        Depths |   6646 |   5731 |    915 |    813 |   3290 |   4 | 1661.5 |
           Zot |  10307 |   9880 |    427 |   2524 |   5827 |   5 | 2061.4 |
         Trove |    113 |    113 |      0 |      0 |     17 |   1 |  113.0 |
      Ice Cave |    531 |    531 |      0 |     17 |    205 |   1 |  531.0 |
        Wizlab |    511 |    511 |      0 |    201 |     57 |   1 |  511.0 |
         Arena |     46 |     46 |      0 |     35 |      0 |   2 |   23.0 |
               +--------+--------+--------+--------+--------+-----+--------+

Top non-repeatable levels by time:
Vaults:5: 3087 daAuts
     D:9: 3083 daAuts
   Zot:3: 2599 daAuts
   Zot:1: 2325 daAuts
   Zot:2: 2211 daAuts
Depths:1: 2036 daAuts
    D:14: 1934 daAuts
  Lair:5: 1854 daAuts
Depths:3: 1823 daAuts
Vaults:2: 1750 daAuts
   Orc:2: 1700 daAuts
   Zot:5: 1694 daAuts
   Elf:3: 1652 daAuts
Depths:2: 1592 daAuts
   Zot:4: 1476 daAuts
